 Dungeon Crawl Stone Soup version 0.20-a0-350-ga83eecc (webtiles) character file.

44 RandomWanderer the Grave Robber (level 3, 0/24 HPs)
             Began as a Vampire Wanderer on Dec 23, 2016.
             Slain by Ijyb
             ... wielding a +0 club
              (3 damage)
             ... on level 2 of the Dungeon.
             The game lasted 00:10:48 (3354 turns).

RandomWanderer the Grave Robber (Vampire Wanderer)  Turns: 3354, Time: 00:10:49

Health: 0/24       AC:  2    Str:  8    XL:     3   Next: 39%
Magic:  1/6        EV: 11    Int: 18    God:
Gold:   77         SH:  0    Dex: 13    Spells: 1/6 levels left

rFire  + . .     SeeInvis +     j - -3 dagger (curse)
rCold  + + .     Gourm    .     d - +0 robe
rNeg   + + .     Faith    .     (no shield)
rPois  +         Spirit   .     (no helmet)
rElec  +         Reflect  .     (no cloak)
rCorr  +         Harm     .     (no gloves)
MR     .....                    (no boots)
Stlth  +++.......               (no amulet)
                                (no ring)
                                (no ring)

@: resistant, regenerating slowly
A: fangs 3, see invisible, unbreathing
a: Bat Form


You were on level 2 of the Dungeon.
You were near bloodless.

You visited 1 branch of the dungeon, and saw 2 of its levels.

You collected 77 gold pieces.

Inventory:

Hand Weapons
 j - a cursed -3 dagger (weapon)
 l - a +4 dagger
Armour
 d - a +0 robe (worn)
Scrolls
 k - 2 scrolls of magic mapping
Potions
 f - 4 potions of blood
 g - a potion of cure mutation
Books
 a - a book of Battle

   Spells                             Type                      Level
   a - Infusion                       Charms                       1
   b - Shroud of Golubria             Charms/Translocation         2
   c - Song of Slaying                Charms                       2
   d - Spectral Weapon                Hexes/Charms                 3
   e - Regeneration                   Charms/Necromancy            3
 b - the Compendium of Unholy Arts

   Spells                             Type                      Level
   a - Corpse Rot                     Necromancy                   2
   b - Sublimation of Blood           Necromancy                   2
 c - the Collected Works on Black Magic

   Spells                             Type                      Level
   a - Pain                           Necromancy                   1
   b - Vampiric Draining              Necromancy                   3


   Skills:
 - Level 1.5 Stealth
 * Level 2.3 Spellcasting
   Level 1.5 Hexes
 - Level 2.1 Charms
 * Level 3.3 Necromancy
   Level 2.0 Air Magic
   Level 1.0 Evocations


You had one spell level left.
You knew the following spells:

 Your Spells              Type           Power        Failure   Level  Hunger
a - Pain                  Necr           ##..         6%          1    #......
b - Infusion              Chrm           ##..         10%         1    #......
c - Vampiric Draining     Necr           ##........   17%         3    ###....


Dungeon Overview and Level Annotations

Branches:
Dungeon (2/15)

Altars:

Annotations:
D:2 Ijyb, Natasha


Innate Abilities, Weirdness & Mutations

You heal slowly.
You have razor-sharp teeth.
You have supernaturally acute eyesight. (SInv)
You can survive without breathing.


Message History

Aiming: Pain
Press: ? - help, Shift-Dir - straight line, f/p - Ijyb
Aim: Ijyb, wielding a club and wearing a ring mail (heavily wounded, chance to defeat MR: 79%) Ijyb writhes in agony!
Ijyb barely misses you.
You hit Ijyb but do no damage.
Ijyb is severely wounded.
Ijyb barely misses you.
You hit Ijyb but do no damage. Your bite misses Ijyb.
Ijyb is severely wounded.
You barely miss Ijyb.
Ijyb is severely wounded.
Ijyb hits you with a club.
* * * LOW HITPOINT WARNING * * *
Okay, then.
Okay, then.
Ijyb hits you but does no damage. Ijyb hits you with a club.
* * * LOW HITPOINT WARNING * * *
Ijyb hits you with a club.
You die...

...........#.#..........#
#.# #.
###........#.#.#........#
#.# ##
#........#.#.#####....#
#.# # #........#.# #....#
#.# # #........#.# #....#
### #........#.# #...##
........#.# ##.##
........#.##### .##
........#..Kg@# #######


You could see Ijyb and a kobold.

Vanquished Creatures
  An ooze (D:1)
  A dart slug (D:1)
  A leopard gecko (D:2)
  A ball python (D:2)
  8 bats
  6 hobgoblins (D:1)
  2 frilled lizards (D:2)
  6 goblins (D:1)
  6 kobolds
  2 rats
34 creatures vanquished.

Notes
Turn   | Place    | Note
-------+----------+-------------------------------------------
     0 | D:1      | RandomWanderer the Vampire Wanderer began the quest for the Orb.
     0 | D:1      | RandomWanderer set off with: a book of Battle, the Compendium of Unholy Arts, the Collected Works on Black Magic, a +0 robe, a +0 dagger, a potion of blood
     0 | D:1      | Reached XP level 1. HP: 13/13 MP: 3/3
     0 | D:1      | Identified the Compendium of Unholy Arts
     0 | D:1      | Identified the Collected Works on Black Magic
     2 | D:1      | Learned a level 1 spell: Pain
     4 | D:1      | Learned a level 1 spell: Infusion
   670 | D:1      | Reached skill level 2 in Necromancy
   983 | D:2      | Reached XP level 2. HP: 6/19 MP: 1/5
  1481 | D:2      | Noticed Natasha
  2388 | D:1      | Reached skill level 3 in Necromancy
  2464 | D:1      | Reached XP level 3. HP: 24/24 MP: 3/6
  2469 | D:1      | Learned a level 3 spell: Vampiric Draining
  3313 | D:2      | Noticed Ijyb
  3354 | D:2      | Slain by Ijyb

Vault maps used:
D:1:      evilmike_arrival_crescent
D:2:      minivault_25, uniq_iyjb, uniq_natasha, uniq_crazy_yiuf_cottage

Skill      XL: |  1  2 |
---------------+-------+-----
Necromancy     | 2 3 |  3.3
Stealth        | |  1.5
Spellcasting   | |  2.3
Hexes          | |  1.5
Charms         | |  2.1
Air Magic      | |  2.0
Evocations     | |  1.0

Action                   || total
-------------------------++-------
Melee: Dagger            ||    37
       Bite              ||     1
 Cast: Pain              ||    76
       Infusion          ||     3
  Use: Scroll            ||     2
       Potion            ||     2
Armor: Robe              ||    16
Dodge: Dodged            ||    30
